AoeStats
← lamanito6

Arena

504836486Analyzed
3v3 RM · 26d ago on Sep 6, 2026· 55m 3s· 6 players
Game mode
Random Map
Map size
Normal (6 player)
Population
200
Speed
Normal
Resources
Standard
Victory
Conquest
Starting age
Dark Age
Ending age
Imperial Age
RankedLock teamsTeams togetherTeam positionsShared explorationLock speedFull tech treeHidden civsTurbo modeCheats
Victory
Defeat
🇨🇴 Saracens · Colombia
1195
+13
🇪🇸 Turks · Spain
1148
+15
🇨🇱 Chinese · Chile
1114
+16
🇪🇸 Romans · Spain
1144
-16
🇳🇱 Teutons · Netherlands
1138
-15
🇩🇪 Italians · Germany
1084
-13
Slubbe
11:35 Feudal Age
15:38 Castle Age
13:43 Double-Bit Axe
16:47 Loom
17:59 Scale Barding Armor
18:42 Bow Saw
19:15 Wheelbarrow
20:42 Horse Collar
26:27 Chain Barding Armor
26:30 Fletching
26:10 Elite Skirmisher
28:12 Bodkin Arrow
34:05 Hand Cart
36:38 Imperial Age
35:54 Scale Mail Armor
36:04 Forging
35:56 Scale Mail Armor
35:45 Town Watch
36:59 Heavy Plow
37:59 Iron Casting
37:51 Squires
38:04 Elite Teutonic Knight
39:33 Chain Mail Armor
40:29 Chemistry
41:06 Blast Furnace
41:43 Plate Mail Armor
41:57 Masonry
42:34 Conscription
42:58 Padded Archer Armor
43:22 Ballistics
45:15 Crenellations
45:08 Onager
46:28 Pikeman
46:59 Halberdier
51:24 Siege Onager
53:28 Cavalier
54:52 Leather Archer Armor
lamanito6
2:17 Loom
10:34 Feudal Age
11:00 Double-Bit Axe
14:16 Horse Collar
17:55 Castle Age
17:51 Gold Mining
17:52 Stone Mining
18:41 Wheelbarrow
23:44 Heavy Plow
24:14 Hand Cart
24:59 Scale Mail Armor
25:10 Forging
24:55 Man-at-Arms
25:35 Squires
25:39 Long Swordsman
26:53 Chain Mail Armor
31:55 Imperial Age
31:46 Fletching
31:57 Legionary
32:01 Capped Ram
34:30 Iron Casting
34:58 Heavy Scorpion
35:46 Ballistas
35:40 Bodkin Arrow
36:45 Blast Furnace
38:18 Chemistry
38:43 Bow Saw
40:24 Siege Engineers
42:18 Siege Ram
43:27 Comitatenses
Pinselchen
10:35 Feudal Age
14:50 Castle Age
12:43 Double-Bit Axe
13:55 Bloodlines
13:59 Horse Collar
14:38 Gold Mining
20:38 Stone Mining
21:52 Loom
23:36 Scale Barding Armor
24:03 Husbandry
25:22 Chain Barding Armor
30:11 Wheelbarrow
29:25 Town Watch
36:39 Imperial Age
35:44 Fletching
36:05 Forging
35:48 Fletching
36:48 Padded Archer Armor
37:30 Iron Casting
36:48 Fletching
37:58 Plate Barding Armor
36:49 Cavalier
38:06 Hand Cart
38:26 Conscription
40:22 Blast Furnace
39:13 Fletching
39:55 Bow Saw
39:55 Heavy Plow
40:59 Chemistry
41:38 Fortified Wall
42:00 Elite Genoese Crossbowman
42:38 Bodkin Arrow
42:44 Padded Archer Armor
43:09 Ballistics
44:13 Bombard Tower
45:16 Stone Shaft Mining
53:21 Light Cavalry
53:57 Hussar
CanarioAOE
11:13 Feudal Age
12:21 Loom
15:37 Castle Age
13:33 Double-Bit Axe
26:24 Bloodlines
26:15 Gold Mining
26:38 Scale Barding Armor
26:28 Horse Collar
30:13 Bow Saw
30:05 Heavy Plow
32:00 Wheelbarrow
31:10 Town Watch
32:34 Gold Shaft Mining
31:50 Stone Mining
32:24 Chain Barding Armor
33:52 Forging
38:01 Imperial Age
35:51 Fletching
36:05 Padded Archer Armor
38:14 Iron Casting
38:06 Hand Cart
37:52 Town Patrol
39:26 Conscription
39:45 Plate Barding Armor
39:33 Ballistics
38:54 Treadmill Crane
39:24 Masonry
39:27 Fortified Wall
40:19 Two-Man Saw
40:30 Blast Furnace
39:38 Artillery
39:44 Arrowslits
40:01 Murder Holes
41:38 Leather Archer Armor
42:22 Heavy Camel Rider
47:30 Bodkin Arrow
48:05 Ring Archer Armor
48:08 Architecture
jaiderreyes4
11:14 Feudal Age
11:49 Loom
15:21 Castle Age
13:41 Double-Bit Axe
14:24 Horse Collar
17:35 Wheelbarrow
18:54 Wheelbarrow
21:03 Bow Saw
21:01 Heavy Plow
29:43 Imperial Age
29:00 Scale Barding Armor
30:31 Stone Mining
31:14 Chain Barding Armor
31:05 Forging
31:44 Bloodlines
31:35 Husbandry
37:00 Bimaristan
38:35 Hand Cart
38:05 Town Watch
38:13 Gold Mining
39:30 Two-Man Saw
39:57 Chemistry
39:17 Ballistics
38:50 Elite Mameluke
40:28 Onager
Clifordino
0:27 Loom
10:10 Feudal Age
15:17 Castle Age
13:40 Double-Bit Axe
22:42 Scale Mail Armor
25:03 Arson
27:19 Forging
29:43 Fletching
30:04 Horse Collar
37:19 Stone Mining
38:30 Wheelbarrow
42:24 Bow Saw
44:47 Imperial Age
42:09 Town Watch
42:40 Hand Cart
42:40 Heavy Plow
44:28 Fortified Wall
44:10 Heated Shot
46:12 Heavy Rocket Cart
49:45 Ballistics
50:26 Chemistry
49:14 Crossbowman
50:00 Thumb Ring
49:54 Bodkin Arrow
49:59 Padded Archer Armor
51:10 Two-Man Saw
49:50 Arbalester
51:03 Bracer
53:04 Leather Archer Armor
53:17 Caravan
Connection lost

Rejoining the realm…

Still unreachable

The connection could not be restored.

Session expired

The server has moved on; the page needs a fresh start.